 Dungeon Crawl Stone Soup version 0.28.0-43-g3370ac3207 (webtiles) character file.

Game seed: 8773661778211409898

61 tizbic2 the Skirmisher (level 4, 0/45 HPs)
             Began as an Ogre Warper on Mar 6, 2022.
             Was a Follower of Elyvilon.
             Slain by a kobold
             ... wielding a +0 whip
              (1 damage)
             ... on level 2 of the Dungeon.
             The game lasted 00:06:58 (1585 turns).

tizbic2 the Skirmisher (Ogre Warper)                Turns: 1585, Time: 00:06:59

Health: 0/45       AC:  3    Str: 17    XL:     4   Next: 7%
Magic:  8/8        EV:  9    Int: 14    God:    Elyvilon [*.....]
Gold:   47         SH:  0    Dex:  8    Spells: 6/8 levels left

rFire   . . .      SeeInvis .   a - +0 hand axe
rCold   . . .      Faith    .   (no shield)
rNeg    . . .      Spirit   .   b - +0 robe
rPois   .          Reflect  .   (helmet restricted)
rElec   .          Harm     .   (no cloak)
rCorr   .          Rampage  .   (gloves unavailable)
Will    .....                   (boots unavailable)
Stlth   +.........              (no amulet)
HPRegen 0.15/turn               (no ring)
MPRegen 0.11/turn               (no ring)

@: no status effects
A: large, unfitting armour, tough skin 1
a: Renounce Religion, Purification


You were on level 2 of the Dungeon.
You worshipped Elyvilon.
Elyvilon was aware of your devotion.
You visited 1 branch of the dungeon, and saw 2 of its levels.

You collected 47 gold pieces.

Inventory:

Hand Weapons
 a - a +0 hand axe (weapon)
Missiles
 d - 17 stones (quivered)
 e - 3 poisoned darts
Armour
 b - a +0 robe (worn)
Scrolls
 c - a scroll of blinking
 f - 2 scrolls of fog
 h - a scroll of identify
 k - a scroll of silence
Potions
 g - 2 potions of heal wounds {unknown}
 i - a potion of might {unknown}
 j - a potion of flight {unknown}


   Skills:
 + Level 3.3 Fighting
 + Level 2.5 Axes
 + Level 1.6 Throwing
 - Level 2.2 Dodging
 * Level 0.6 Shields
 + Level 2.9 Spellcasting
 + Level 3.0 Translocations


You had 6 spell levels left.
You knew the following spells:

 Your Spells              Type           Power      Damage    Failure   Level
a - Blink                 Tloc           20%        N/A       10%         2

Your spell library contained the following spells:

 Spells                   Type           Power      Damage    Failure   Level
 Gell's Gravitas          Tloc           10%        N/A       19%         3
 Lesser Beckoning         Tloc           10%        N/A       19%         3
 Teleport Other           Tloc           10%        N/A       19%         3
 Manifold Assault         Tloc           10%        N/A       86%         5


Dungeon Overview and Level Annotations

Branches:
Dungeon (2/15)

Altars:
Elyvilon


Innate Abilities, Weirdness & Mutations

You are too large for most types of armour.
You have tough skin. (AC +1)


Message History

You hit the giant cockroach but do no damage.
You barely miss the kobold.
The giant cockroach completely misses you.
The kobold barely misses you. The giant cockroach bites you.
You hit the kobold but do no damage. You hit the giant cockroach.
The kobold hits you but does no damage.
A kobold comes into view. It is wielding a +0 whip.
The giant cockroach misses you. The kobold closely misses you.
You closely miss the kobold. You hit the giant cockroach.
You kill the giant cockroach!
The kobold hits you with a +0 whip of electrocution.
You hit the kobold.
The kobold is severely wounded.
You hit the kobold.
You kill the kobold!
The kobold hits you with a +0 whip of electrocution.
You are electrocuted!
You closely miss the kobold.
The kobold is severely wounded.
The kobold barely misses you.
You barely miss the kobold.
The kobold is severely wounded.
The kobold barely misses you.
You barely miss the kobold.
The kobold is severely wounded.
The kobold hits you with a +0 whip of electrocution.
You hit the kobold but do no damage.
The kobold is severely wounded.
You miss the kobold.
The kobold hits you with a +0 whip of electrocution.
The kobold hits you but does no damage.
The kobold hits you with a +0 whip of electrocution.
You are electrocuted!!
* * * LOW HITPOINT WARNING * * *
You closely miss the kobold.
The kobold is severely wounded.
You closely miss the kobold. The kobold hits you with a +0 whip.
* * * LOW HITPOINT WARNING * * *
The kobold completely misses you. The kobold hits you with a +0 whip.
You die...

####.#.#######.....#
..##....##........#
..'......'........#
..###...##...†....#
........#########.#
#....#............#
#....#............# .
.................###....
.......######...@K.'....
.......# #...K###....
######## #....# ..
#....# #....# #....#
#....# #....#


You could see 2 kobolds.

Vanquished Creatures
  An adder (D:2)
  2 dart slugs (D:1)
  5 ball pythons
  6 bats
  3 endoplasms
  8 giant cockroaches
  A goblin (D:1)
  2 hobgoblins (D:1)
  2 quokkas (D:1)
  2 frilled lizards (D:1)
  7 kobolds
  3 rats (D:1)
42 creatures vanquished.

Notes
Turn   | Place    | Note
-------+----------+-------------------------------------------
     0 | D:1      | tizbic2 the Ogre Warper began the quest for the Orb.
     0 | D:1      | Reached XP level 1. HP: 22/22 MP: 3/3
    24 | D:1      | Reached XP level 2. HP: 24/29 MP: 3/5
   466 | D:1      | Reached XP level 3. HP: 33/37 MP: 7/7
   470 | D:1      | Learned a level 2 spell: Blink
  1261 | D:2      | Found a faded altar of an unknown god.
  1268 | D:2      | Prayed at the altar of an unknown god.
  1268 | D:2      | Became a worshipper of Elyvilon the Healer
  1268 | D:2      | Reached * piety under Elyvilon
  1565 | D:2      | Reached XP level 4. HP: 45/45 MP: 8/8
  1585 | D:2      | HP: 1/45 [kobold/+0 whip (4)]
  1585 | D:2      | Slain by a kobold

Illustrated notes

Levels and vault maps discovered:
D:1:      lemuel_arrival_behind_the_door_small, layout_loops_ring
D:2:      layout_basic, nicolae_ecumenical_lake_church

Skill      XL: |  1  2  3 |
---------------+----------+-----
Fighting       | 3 |  3.3
Translocations | 3 |  3.0
Axes           | |  2.5
Throwing       | |  1.6
Dodging        | |  2.2
Shields        | |  0.6
Spellcasting   | |  2.9

Action                   |  1- 3 |  4- 6 || total
-------------------------+-------+-------++-------
Melee: Hand axe          |   142 |    11 ||   153
       Punch             |     4 |       ||     4
Throw: Stone             |     7 |       ||     7
       Boomerang         |     5 |       ||     5
       Dart              |     4 |       ||     4
  Use: Scroll            |     2 |       ||     2
Armor: Robe              |    50 |     4 ||    54
Dodge: Dodged            |    92 |     7 ||    99
